 Dungeon Crawl Stone Soup version 0.27-a0-1325-g58a489ad9e (webtiles) character file.

Game seed: 5352384709590527458

16933 leviel the Slicer (level 12, -1/96 HPs)
             Began as a Hill Orc Fighter on June 24, 2021.
             Was a High Priest of Okawaru.
             Slain by a sun demon (4 damage)
             ... summoned by an orc sorcerer
             ... while paralysed by an orc sorcerer
             ... on level 1 of the Orcish Mines.
             The game lasted 00:28:40 (14877 turns).

leviel the Slicer (Hill Orc Fighter)               Turns: 14877, Time: 00:28:41

Health: -1/96      AC: 29    Str: 24    XL:     12   Next: 42%
Magic:  12/12      EV:  2    Int:  8    God:    Okawaru [*****.]
Gold:   544        SH:  0    Dex: 10    Spells: 11/11 levels left

rFire    . . .     SeeInvis +   n - +3 rapier (vamp)
rCold    . . .     Faith    .   c - +0 kite shield
rNeg     . . .     Spirit   .   t - +0 plate armour
rPois    .         Reflect  .   o - +2 hat
rElec    .         Harm     .   y - +2 cloak {Stlth+}
rCorr    .         Rampage  .   w - +2 pair of gloves {archery}
Will     .....                  (no boots)
Stlth    ..........             (no amulet)
HPRegen  0.26/turn              f - +4 ring of protection
MPRegen  0.13/turn              (no ring)

@: paralysed
A: hooves 1, iridescent scales 1, see invisible, frail 1, evolution 1,
MP-powered wands
a: Renounce Religion, Heroism, Finesse


You were on level 1 of the Orcish Mines.
You worshipped Okawaru.
Okawaru was extremely pleased with you.
You visited 3 branches of the dungeon, and saw 15 of its levels.

You collected 888 gold pieces.
You spent 344 gold pieces at shops.

Inventory:

Hand Weapons
 a - the +7 great mace "Wofynil" {holy, rCorr}
   (You took it off an ogre on level 5 of the Dungeon)

   It has been blessed by the Shining One to cause great damage to the undead
   and demons.
   It protects you from acid and corrosion.
 g - a +3 rapier of freezing
 n - a +3 vampiric rapier (weapon)
 A - a +1 scimitar of flaming
Missiles
 e - 6 javelins (quivered)
Armour
 b - a +1 scale mail
 c - a +0 kite shield (worn)
 j - a scarf of resistance
 o - a +2 hat (worn)
 t - a +0 plate armour (worn)
 w - a +2 pair of gloves of archery (worn)
 y - a +2 cloak of stealth (worn)
Jewellery
 f - a +4 ring of protection (left hand)
 m - a ring of see invisible
Wands
 d - a wand of flame (21)
 h - a wand of digging (5)
 x - a wand of paralysis (11)
 z - a wand of iceblast (7)
Scrolls
 i - 4 scrolls of teleportation
 r - 3 scrolls of identify {@r1}
 u - a scroll of fog
 B - a scroll of magic mapping
Potions
 k - 3 potions of attraction
 l - a potion of ambrosia
 p - a potion of cancellation
 q - 3 potions of magic
 s - 2 potions of lignification
 v - a potion of might
 C - a potion of brilliance {unknown}


   Skills:
 + Level 10.3 Fighting
 - Level 14.0 Short Blades
 + Level 9.5 Armour
 + Level 9.5 Shields


You had 11 spell levels left.
You didn't know any spells.
Your spell library contained the following spells:

 Spells                   Type           Power      Damage    Failure   Level
 Beastly Appendage        Tmut           0%         N/A       100%        1
 Wereblood                Tmut           0%         N/A       100%        2
 Spider Form              Tmut/Pois      0%         N/A       100%        3
 Ice Form                 Ice/Tmut       0%         N/A       100%        4
 Bolt of Magma            Conj/Fire/Erth 0%         4d4       100%        5
 Iskenderun's Battlesphe  Conj           0%         2d6       100%        5
 Iron Shot                Conj/Erth      0%         9d1       100%        6
 Orb of Destruction       Conj           0%         N/A       100%        7
 Spellforged Servitor     Conj/Summ      0%         N/A       100%        7


Dungeon Overview and Level Annotations

Branches:
Dungeon (13/15)            Temple (1/1) D:6            Lair (0/6) D:8
    Orc (1/2) D:11
 Vaults: D:13-14

Altars:
Ashenzari
Cheibriados
Dithmenos
Elyvilon
Fedhas
Gozag
Hepliaklqana
Kikubaaqudgha
Makhleb
Nemelex Xobeh
Okawaru
Qazlal
Ru
Sif Muna
Trog
Uskayaw
Vehumet
Wu Jian
Xom
Yredelemnul
Zin
The Shining One

Shops:
D:8 [   D:9 ?   D:13 (

Annotations:
D:4 1 runed translucent door, Crazy Yiuf
D:6 2 runed translucent doors, Hubris850's ghost, novice MfMo
D:9 exclusion: orange crystal statue


Innate Abilities, Weirdness & Mutations

You have large cloven feet.
You are partially covered in iridescent scales. (AC +2)
You have supernaturally acute eyesight. (SInv)
You are frail. (-10% HP)
You evolve.
You expend magic power (3 MP) to strengthen your wands.


Message History

The orc sorcerer gestures at you while chanting.
The bolt of fire hits you!!
The orc sorcerer casts a spell.
You closely miss the sun demon. You block the orc sorcerer's attack.
You puncture the sun demon! You kick the sun demon!
The sun demon is moderately wounded.
The sun demon hits you but does no damage.
You hit the sun demon but do no damage. Your kick misses the sun demon.
The sun demon is moderately wounded.
You block the orc sorcerer's attack. The sun demon hits you!!
You are engulfed in flames!
You are too injured to fight recklessly!
You are too injured to fight recklessly!
You are too injured to fight recklessly!
You are too injured to fight recklessly!
You are too injured to fight recklessly!
You are too injured to fight recklessly!
You are too injured to fight recklessly!
You are too injured to fight recklessly!
You are too injured to fight recklessly!
You are too injured to fight recklessly!
You are too injured to fight recklessly!
You are too injured to fight recklessly!
You are too injured to fight recklessly!
You are too injured to fight recklessly!
You are too injured to fight recklessly!
You are too injured to fight recklessly!
You puncture the orc sorcerer!
The orc sorcerer is moderately wounded.
The orc sorcerer casts a spell at you.
You suddenly lose the ability to move!
The sun demon hits you.
You are engulfed in flames!
* * * LOW HITPOINT WARNING * * *
The orc sorcerer hits you but does no damage.
The sun demon hits you.
* * * LOW HITPOINT WARNING * * *
You are engulfed in flames!
* * * LOW HITPOINT WARNING * * *
The sun demon hits you.
You die...

### ..# ...##
..#
.....###..###
............#
.....#......#..
#..#3.o......
###...@## ....
##.......##..#
.......†.#..##
.....#.......#
........#.####
#...##.....#.##
###
#....#....##
###...##.....##
#....####.....#


You could see a sun demon (summoned) and an orc sorcerer.

Vanquished Creatures
  Nessos (D:13)
  6 two-headed ogres
  A death knight (D:11)
  An orc high priest (D:11)
  An ugly thing (D:13)
  2 cyclopes
  A manticore (D:12)
  Maurice (D:8)
  An unseen horror (D:11)
  3 kobold demonologists
  Maggie (D:8)
  An efreet (D:11)
  3 trolls
  A shadow (D:12)
  A wraith (D:8)
  7 yaks (D:11)
  A vampire (D:11)
  2 wyverns (D:9)
  A basilisk (D:12)
  2 vampire mosquitoes (D:12)
  4 wargs
  2 water moccasins
  2 ice beasts
  9 orc warriors
  2 necrophages
  4 ogres
  2 centaurs
  The ghost of mojowtm the Ducker, an amateur TeMo of Elyvilon (D:5)
  A phantom (D:5)
  A kobold brigand (D:11)
  A wyvern zombie (D:7)
  4 bullfrogs
  A scorpion (D:6)
  A water moccasin skeleton (D:4)
  3 killer bees
  A bullfrog zombie (D:5)
  A centaur skeleton (D:5)
  3 centaur zombies
  A jelly (D:4)
  3 hounds
  5 orc priests
  Jessica (D:2)
  Natasha (thrice) (D:2)
  10 orc wizards
  A howler monkey zombie (D:8)
  5 adders
  4 gnolls
  A shadow imp (D:6)
  A white imp (D:5)
  An ufetubus (D:5)
  An adder skeleton (D:4)
  9 dart slugs
  46 orcs
  4 endoplasms
  3 giant cockroaches
  7 hobgoblins
  17 jackals
  8 quokkas
  3 ball pythons
  4 bats
  A frilled lizard (D:2)
  13 kobolds
  3 rats
236 creatures vanquished.

Vanquished Creatures (collateral kills)
  Grinder (D:4)
  Menkaure (D:7)
  Duvessa (D:7)
  Dowan (D:7)
  3 dart slugs (D:4)
7 creatures vanquished.

Grand Total: 243 creatures vanquished

Notes
Turn   | Place    | Note
-------+----------+-------------------------------------------
     0 | D:1      | leviel the Hill Orc Fighter began the quest for the Orb.
     0 | D:1      | Reached XP level 1. HP: 19/19 MP: 1/1
    60 | D:1      | Reached XP level 2. HP: 27/27 MP: 2/2
    83 | D:1      | Found a faded altar of an unknown god.
   436 | D:1      | Reached XP level 3. HP: 33/33 MP: 3/3
   836 | D:2      | Noticed Jessica
   856 | D:2      | HP: 1/33 [hobgoblin (4)]
   857 | D:2      | Killed Jessica
   858 | D:2      | Reached XP level 4. HP: 1/40 MP: 4/4
  1182 | D:2      | Noticed Natasha
  1192 | D:2      | Killed Natasha
  1388 | D:2      | Gained mutation: You have supernaturally acute eyesight.
                  | (SInv) [potion of mutation]
  1388 | D:2      | Gained mutation: Your muscles are strong. (Str +2) [potion
                  | of mutation]
  1388 | D:2      | Lost mutation: Your muscles are strong. (Str +2) [potion of
                  | mutation]
  1388 | D:2      | Gained mutation: You are strong-willed. (Will+) [potion of
                  | mutation]
  1390 | D:2      | HP: 2/41 [poisoned by an adder]
  1396 | D:2      | Reached skill level 3 in Short Blades
  1773 | D:2      | Noticed Natasha
  1789 | D:2      | Reached XP level 5. HP: 20/47 MP: 5/5
  1791 | D:2      | Killed Natasha
  1925 | D:2      | Noticed Natasha
  1937 | D:2      | Killed Natasha
  2117 | D:2      | Lost mutation: You are strong-willed. (Will+) [potion of
                  | mutation]
  2117 | D:2      | Gained mutation: You evolve. [potion of mutation]
  2117 | D:2      | Gained mutation: You have large cloven feet. [potion of
                  | mutation]
  3215 | D:3      | Reached XP level 6. HP: 53/53 MP: 6/6
  3220 | D:3      | Gained mutation: You are frail. (-10% HP) [evolution]
  3456 | D:3      | Reached skill level 4 in Short Blades
  4064 | D:4      | Reached skill level 5 in Short Blades
  4238 | D:4      | Reached XP level 7. HP: 54/54 MP: 7/7
  4245 | D:4      | Reached skill level 6 in Short Blades
  4282 | D:4      | Noticed Grinder
  4308 | D:4      | Killed Grinder
  4309 | D:4      | Reached skill level 7 in Short Blades
  4872 | D:4      | Found a runed translucent door.
  4873 | D:4      | Noticed Crazy Yiuf
  5080 | D:5      | Entered Level 5 of the Dungeon
  5392 | D:5      | Reached XP level 8. HP: 55/60 MP: 8/8
  5453 | D:5      | Found a transporter.
  5456 | D:5      | Noticed mojowtm's ghost (amateur TeMo)
  5457 | D:5      | Identified the +7 great mace "Wofynil" {holy, rCorr}
  5459 | D:5      | Found a transporter.
  5545 | D:5      | Reached skill level 8 in Short Blades
  5714 | D:5      | Killed mojowtm's ghost
  5715 | D:5      | Reached skill level 9 in Short Blades
  5957 | D:5      | Gained mutation: You are partially covered in iridescent
                  | scales. (AC +2) [evolution]
  6578 | D:6      | Found a staircase to the Ecumenical Temple.
  6598 | Temple   | Entered the Ecumenical Temple
  6893 | Temple   | Became a worshipper of Warmaster Okawaru
  6985 | D:6      | Found a hide-covered altar of Uskayaw.
  7023 | D:6      | Found a large runed translucent door.
  7023 | D:6      | Found a large runed translucent door.
  7043 | D:6      | Reached skill level 10 in Short Blades
  7047 | D:6      | Noticed Hubris850's ghost (novice MfMo)
  7404 | D:7      | Noticed Duvessa
  7404 | D:7      | Noticed Dowan
  7422 | D:7      | Gained mutation: You expend magic power (3 MP) to
                  | strengthen your wands. [evolution]
  7673 | D:7      | Reached XP level 9. HP: 53/64 MP: 9/9
  7775 | D:7      | Noticed Menkaure
  7975 | D:7      | Killed Duvessa
  7975 | D:7      | Reached * piety under Okawaru
  7982 | D:7      | Killed Dowan
  7987 | D:7      | Killed Menkaure
  7988 | D:7      | Reached skill level 11 in Short Blades
  9318 | D:8      | You fall into a shaft and drop 3 floors!
  9536 | D:10     | Entered Level 10 of the Dungeon
  9567 | D:10     | Noticed a two-headed ogre
  9578 | D:10     | Killed a two-headed ogre
  9578 | D:10     | Reached ** piety under Okawaru
  9579 | D:10     | Reached skill level 12 in Short Blades
  9579 | D:10     | Reached XP level 10. HP: 65/72 MP: 10/10
  9730 | D:8      | Noticed a two-headed ogre
  9742 | D:8      | Killed a two-headed ogre
  9743 | D:8      | Reached skill level 13 in Short Blades
  9968 | D:8      | Noticed Maggie
  9983 | D:8      | Killed Maggie
  9983 | D:8      | Reached *** piety under Okawaru
 10076 | D:8      | Found Vaciadd's Antique Armour Shop.
 10082 | D:8      | Bought a pair of embroidered gloves for 172 gold pieces
 10082 | D:8      | Bought an embroidered cloak for 172 gold pieces
 10151 | D:8      | Found a staircase to the Lair.
 10288 | D:8      | Noticed Maurice
 10310 | D:8      | Killed Maurice
 10311 | D:8      | Reached skill level 14 in Short Blades
 10423 | D:9      | Reached skill level 5 in Fighting
 10573 | D:9      | Noticed an orange crystal statue
 10953 | D:9      | Found Muce's Magic Scroll Shop.
 10964 | D:9      | You fall into a shaft and drop 3 floors!
 10974 | D:12     | Reached skill level 5 in Armour
 10974 | D:12     | Reached skill level 5 in Shields
 11119 | D:12     | Noticed a two-headed ogre
 11136 | D:12     | Killed a two-headed ogre
 11136 | D:12     | Reached **** piety under Okawaru
 11210 | D:12     | Noticed a two-headed ogre
 11247 | D:12     | Reached XP level 11. HP: 69/81 MP: 7/11
 11254 | D:12     | Killed a two-headed ogre
 11254 | D:12     | Reached ***** piety under Okawaru
 11413 | D:12     | Noticed a sun demon
 11522 | D:12     | Noticed a manticore
 11536 | D:12     | Killed a manticore
 11664 | D:12     | Noticed a cyclops
 11683 | D:12     | Killed a cyclops
 11715 | D:12     | Received a gift from Okawaru
 12242 | D:11     | Noticed a two-headed ogre
 12254 | D:11     | Killed a two-headed ogre
 12313 | D:11     | Noticed a two-headed ogre
 12319 | D:11     | Killed a two-headed ogre
 12425 | D:11     | Noticed a death knight
 12475 | D:11     | Killed a death knight
 13134 | D:11     | Noticed a soul eater
 13164 | D:11     | Gained mutation: You sometimes lose the ability to read
                  | scrolls when taking damage. [a neqoxec]
 13202 | D:11     | Reached XP level 12. HP: 78/93 MP: 12/12
 13571 | D:11     | Found a staircase to the Orcish Mines.
 13936 | D:13     | Lost mutation: You sometimes lose the ability to read
                  | scrolls when taking damage. [evolution]
 14023 | D:13     | Found a glowing silver altar of Zin.
 14061 | D:13     | Noticed Nessos
 14075 | D:13     | Killed Nessos
 14075 | D:13     | Identified the +1 robe of Disguise {Stlth+} (Okawaru gifted
                  | it to you on level 13 of the Dungeon)
 14075 | D:13     | Received a gift from Okawaru
 14293 | D:13     | Found Hinkis's Weapon Shoppe.
 14353 | D:13     | Noticed a death knight
 14404 | Orc:1    | Entered Level 1 of the Orcish Mines
 14479 | Orc:1    | Noticed an orc high priest
 14499 | D:11     | Reached skill level 10 in Fighting
 14578 | D:11     | Killed an orc high priest
 14872 | Orc:1    | Noticed a sun demon
 14875 | Orc:1    | Paralysed by an orc sorcerer for 4 turns
 14876 | Orc:1    | HP: 3/96 [sun demon[an orc sorcerer] (16)]
 14877 | Orc:1    | Slain by a sun demon

Illustrated notes

Levels and vault maps discovered:
D:1:      lightli_arrival_quake, layout_rooms,
          hellmonk_ecumenical_altar_heavens_door
D:2:      layout_basic, uniq_natasha, uniq_jessica
D:3:      layout_basic, minivault_27
D:4:      kennysheep_slugbush, layout_loops_ring, uniq_grinder,
          uniq_crazy_yiuf_cottage
D:5:      layout_loops_corners, gammafunk_ghost_smash
D:6:      layout_cave_pools, nicolae_uskayaw_dance_hall,
          minmay_temple_entry_slanted, ebering_ghost_disaster_area, centaur_isle
D:7:      layout_cave_pools, grunt_ministairs_2, uniq_duvessa, uniq_menkaure
D:8:      layout_cave_pools, erik_lair_orcish_takeover, serial_shops,
          nicolae_square_shop, uniq_maggie, uniq_maurice
D:9:      layout_loops_corners, serial_shops, nicolae_shop_behind_doors,
          minmay_protected_statue
D:10:     layout_basic, minmay_ruffians
D:11:     layout_grid_maze, hiddenorc1_lemuel
D:12:     layout_cave_pools
D:13:     layout_long_grid, enter_bailey_4, serial_shops, kennysheep_mini,
          zin_treasury, uniq_nessos
Temple:   nicolae_temple_the_god_donut
Orc:1:    layout_diamond_mine

Skill      XL: |  1  2  3  4  5  6  7  8  9 10 11 12 |
---------------+-------------------------------------+-----
Fighting       | 4 6 9 10 | 10.3
Armour         | 4 5 8 9 |  9.5
Shields        | 4 5 8 9 |  9.5
Short Blades   | 3 5 7 10 12 14 | 14.0

Action                   |  1- 3 |  4- 6 |  7- 9 | 10-12 || total
-------------------------+-------+-------+-------+-------++-------
Melee: Rapier            |    85 |   197 |   302 |   692 ||  1276
       Kick              |       |    28 |    77 |   255 ||   360
Invok: Heroism           |       |       |       |     1 ||     1
Evoke: Wand              |       |       |       |     3 ||     3
  Use: Potion            |       |     4 |     5 |     2 ||    11
       Scroll            |       |     3 |    18 |     4 ||    25
 Stab: Invisible         |       |       |     3 |     2 ||     5
Armor: Scale mail        |    48 |    93 |    77 |       ||   218
       Plate armour      |       |       |    76 |   409 ||   485
Dodge: Dodged            |    34 |    62 |    43 |   124 ||   263
Block: Kite shield       |    52 |   114 |   131 |   346 ||   643

Table legend: (Time is in decaauts)
 A = Elapsed time spent in this place.
 B = Non-inter-level travel time spent in this place.
 C = Inter-level travel time spent in this place.
 D = Time resting spent in this place.
 E = Time spent auto-exploring this place.
 F = Levels seen in this place.
 G = Mean time per level.
                   A        B        C        D        E       F      G
               +--------+--------+--------+--------+--------+-----+--------+
         Total |  14659 |  14205 |    454 |   3431 |   8419 |  15 |  977.3 |
       Dungeon |  14145 |  13740 |    405 |   3431 |   8063 |  13 | 1088.1 |
        Temple |    318 |    269 |     49 |      0 |    266 |   1 |  318.0 |
  Orcish Mines |    195 |    195 |      0 |      0 |     90 |   1 |  195.0 |
               +--------+--------+--------+--------+--------+-----+--------+

Top non-repeatable levels by time:
    D:11: 2165 daAuts
     D:2: 1770 daAuts
     D:3: 1428 daAuts
     D:7: 1346 daAuts
     D:4: 1323 daAuts
     D:5: 1302 daAuts
    D:12: 1039 daAuts
     D:8: 957 daAuts
     D:6: 908 daAuts
     D:9: 636 daAuts
     D:1: 628 daAuts
    D:13: 542 daAuts
  Temple: 318 daAuts
   Orc:1: 195 daAuts
    D:10: 95 daAuts
